 Dungeon Crawl Stone Soup version 0.29-a0-375-g5102b3be25 (webtiles) character file.

Game seed: 15376292130419932170

46 bastard the Conjurer (level 3, 0/19 HPs)
             Began as a Tengu Conjurer on May 4, 2022.
             Succumbed to a scorpion's poison
             ... on level 2 of the Dungeon.
             The game lasted 00:02:28 (1586 turns).

bastard the Conjurer (Tengu Conjurer)               Turns: 1586, Time: 00:02:28

Health: 0/19       AC:  2    Str:  7    XL:     3   Next: 68%
Magic:  1/7        EV: 12    Int: 20    God:
Gold:   56         SH:  0    Dex: 18    Spells: 0/6 levels left

rFire   . . .      SeeInvis .   i - +0 whip
rCold   . . .      Faith    .   (no shield)
rNeg    . . .      Spirit   .   a - +0 robe
rPois   .          Reflect  .   (helmet restricted)
rElec   .          Harm     .   (no cloak)
rCorr   .          Rampage  .   (no gloves)
Will    .....                   (boots unavailable)
Stlth   ++........              (no amulet)
HPRegen 0.06/turn               c - +6 ring of dexterity
MPRegen 0.10/turn               (no ring)

@: brilliant, lethally poisoned (0 -> -4)
A: beak, talons 3
a: no special abilities


You were on level 2 of the Dungeon.
You visited 1 branch of the dungeon, and saw 2 of its levels.

You collected 56 gold pieces.

Inventory:

Hand Weapons
 i - a +0 whip (weapon)
Armour
 a - a +0 robe (worn)
Jewellery
 c - a +6 ring of dexterity (left hand)
Scrolls
 g - a scroll of fog {unknown}
 j - a scroll of vulnerability {unknown}
 k - a scroll of summoning {unknown}
 m - a scroll of enchant weapon {unknown}
 n - a scroll of fear {unknown}
Potions
 b - 2 potions of magic
 e - a potion of flight {unknown}
 h - a potion of curing {unknown}
 l - a potion of heal wounds {unknown}


   Skills:
 - Level 2.1 Dodging
 - Level 2.0 Stealth
 - Level 2.0 Spellcasting
 + Level 7.0 Conjurations


You couldn't memorise any spells.
You knew the following spells:

 Your Spells              Type           Power      Damage    Failure   Level
a - Magic Dart            Conj           100%       1d8       1%          1
b - Searing Ray           Conj           90%        2d7       1%          2
c - Dazzling Flash        Conj/Hex       48%        N/A       11%         3

Your spell library contained the following spells:

 Spells                   Type           Power      Damage    Failure   Level
 Sting                    Tmut/Pois      12%        1d3       16%         1
 Poisonous Vapours        Pois/Air       6%         N/A       24%         2
 Fulminant Prism          Conj/Hex       12%        3d9       36%         4
 Iskenderun's Mystic Bla  Conj/Tloc      24%        2d7       36%         4
 Olgreb's Toxic Radiance  Pois           3%         N/A       83%         4


Dungeon Overview and Level Annotations

Branches:
Dungeon (2/15)

Altars:
Zin


Innate Abilities, Weirdness & Mutations

You have a beak for a mouth.
You have claws for feet.


Message History

Casting: Magic Dart (safe; 1% risk of failure)
Confirm with . or Enter, or press ? or * to list all spells.
The spell is extremely dangerous to miscast (11% risk of failure)!
Continue anyway?
Okay, then.
There are monsters nearby!
Casting: Dazzling Flash (extremely dangerous; 11% risk of failure)
Confirm with . or Enter, or press ? or * to list all spells.
The spell is extremely dangerous to miscast (11% risk of failure)!
Continue anyway?
Casting: Dazzling Flash (extremely dangerous; 11% risk of failure)
Press: ? - help, Dir - look around, f - activate The adder is dazzled.
The scorpion misses you. The adder misses you.
Unknown command.
Casting: Dazzling Flash (extremely dangerous; 11% risk of failure)
Confirm with . or Enter, or press ? or * to list all spells.
The spell is extremely dangerous to miscast (11% risk of failure)!
Continue anyway?
Casting: Dazzling Flash (extremely dangerous; 11% risk of failure)
Press: ? - help, Dir - look around, f - activate The scorpion is dazzled.
The adder bites you. The scorpion stings you!
Unknown command.
The adder bites you but does no damage. The scorpion misses you.
The scorpion is no longer blind.
The scorpion attacks as you move away! The scorpion barely misses you.
The adder is no longer blind.
The scorpion attacks as you move away! The scorpion stings you.
* * * LOW HITPOINT WARNING * * *
You are lethally poisoned!
The scorpion poisons you!
* * * LOW HITPOINT WARNING * * *
You feel sick.
Okay, then.
As you read the scroll labelled SAQOOSH GOTHESCH, it crumbles to dust.
The creatures around you are filled with an inner flame!
It was a scroll of immolation.
* * * LOW HITPOINT WARNING * * *
You feel sick. The scorpion closely misses you.
The adder bites you but does no damage.
It was a potion of brilliance.
You feel clever all of a sudden.
You die...

# #...### #.####..#....##.
####.#...#### #..##...)...# ##
##...#......## #.##.#...8.# #
#.........#..######.....#....# #
..........(...........#.##S.!.###
.......>..............#.# #...##.
...........##.........#.# ....##
...........##...Ss....#.# .>.##
.#...#.....##...@.^...#.## $.#.
.#.#######.##.........#..#######.
.#.# #.....<.##..........##..
.... #.......###.........##..
##......# #.........##.. ##.....#
#.........#### #.....#
#.........# #.....# #.........#
###########


You could see a scorpion (inner flame) and an adder (inner flame).

Vanquished Creatures
  2 adders (D:2)
  2 dart slugs (D:2)
  5 ball pythons
  4 endoplasms
  A goblin (D:1)
  3 hobgoblins (D:1)
  A quokka (D:1)
  3 frilled lizards
  4 rats (D:1)
25 creatures vanquished.

Notes
Turn   | Place    | Note
-------+----------+-------------------------------------------
     0 | D:1      | bastard the Tengu Conjurer began the quest for the Orb.
     0 | D:1      | Reached XP level 1. HP: 10/10 MP: 4/4
   251 | D:1      | Reached XP level 2. HP: 15/15 MP: 4/6
   282 | D:1      | Learned a level 2 spell: Searing Ray
   295 | D:1      | Reached skill level 6 in Conjurations
  1162 | D:2      | Reached XP level 3. HP: 19/19 MP: 1/7
  1356 | D:2      | Learned a level 3 spell: Dazzling Flash
  1399 | D:2      | Found a glowing silver altar of Zin.
  1481 | D:2      | Reached skill level 7 in Conjurations
  1574 | D:2      | Noticed a scorpion
  1586 | D:2      | Succumbed to a scorpion's poison

Illustrated notes

Levels and vault maps discovered:
D:1:      onia_arrival_handbag, layout_basic, hangedman_glass_teeth
D:2:      layout_rooms, basic_altar, grunt_ministairs_12

Skill      XL: |  1  2  3 |
---------------+----------+-----
Conjurations   | 6 7 |  7.0
Dodging        | |  2.1
Stealth        | |  2.0
Spellcasting   | |  2.0

Action                   || total
-------------------------++-------
Melee: Whip              ||     1
 Cast: Magic Dart        ||    44
       Dazzling Flash    ||     3
  Use: Scroll            ||     1
       Potion            ||     1
Armor: Robe              ||     2
Dodge: Dodged            ||     7

Table legend: (Time is in decaauts)
 A = Elapsed time spent in this place.
 B = Non-inter-level travel time spent in this place.
 C = Inter-level travel time spent in this place.
 D = Time resting spent in this place.
 E = Time spent auto-exploring this place.
 F = Levels seen in this place.
 G = Mean time per level.
                   A        B        C        D        E       F      G
               +--------+--------+--------+--------+--------+-----+--------+
         Total |   1584 |   1489 |     95 |      0 |   1350 |   2 |  792.0 |
       Dungeon |   1584 |   1489 |     95 |      0 |   1350 |   2 |  792.0 |
               +--------+--------+--------+--------+--------+-----+--------+

Top non-repeatable levels by time:
     D:1: 1120 daAuts
     D:2: 464 daAuts
